TOP OF THE 1ST |
Brevard County Manatees batting - Pitching for Wilmington Blue Rocks : RHP Mike Valdez
|
Pitching: RHP Mike Valdez
|
|
Batting: LHB Rick Campbell
|
0-0: Called Strike 0-1: Called Strike 0-2: Fly out, F5 (Line Drive, 5, EV 68.8 MPH)
|
Batting: SHB Aaron Neill
|
0-0: Called Strike 0-1: Ball 1-1: Swinging Strike 1-2: Ground out U3 (Groundball, 3L, EV 93.8 MPH)
|
Batting: LHB Mark Backstrom
|
0-0: Ball 1-0: SINGLE (Groundball, 34S, EV 66.2 MPH) (infield hit)
|
Batting: SHB Justin Hensley
|
0-0: Ball 1-0: Called Strike 1-1: Ball 2-1: Foul Ball, location: 2F 2-2: Strikes out swinging
|
Top of the 1st over - 0 runs, 1 hit, 0 errors, 1 left on base; Brevard County 0 - Wilmington 0 |
BOTTOM OF THE 1ST |
Wilmington Blue Rocks batting - Pitching for Brevard County Manatees : RHP Zack Sharp
|
Pitching: RHP Zack Sharp
|
|
Batting: RHB Kasey Bland
|
0-0: Called Strike 0-1: Ground out 3-1 (Groundball, 34S, EV 84.4 MPH)
|
Batting: LHB Edgar Ortiz
|
0-0: Called Strike 0-1: Ball 1-1: Ball 2-1: Foul Ball, location: 2F 2-2: DOUBLE (Flyball, 89D, EV 95.6 MPH)
|
Batting: RHB Phil Hamby
|
0-0: DOUBLE (Line Drive, 89XD, EV 106.2 MPH) Edgar Ortiz scores
|
Batting: LHB Mike Bhatti
|
0-0: Ground out 4-3 (Groundball, 4, EV 98.8 MPH) Phil Hamby to third
|
Batting: RHB Chang-keun Baik
|
0-0: Called Strike 0-1: Ball 1-1: Swinging Strike 1-2: Foul Ball, location: 2F 1-2: Fly out, F9 (Flyball, 9, EV 81.9 MPH)
|
Bottom of the 1st over - 1 run, 2 hits, 0 errors, 1 left on base; Brevard County 0 - Wilmington 1 |
TOP OF THE 2ND |
Brevard County Manatees batting - Pitching for Wilmington Blue Rocks : RHP Mike Valdez
|
Batting: RHB Jose Cerritos
|
0-0: TRIPLE (Flyball, 8LXD, EV 108.8 MPH)
|
Batting: RHB Chris Maul
|
0-0: Swinging Strike 0-1: Foul Ball, location: 2F 0-2: Ball 1-2: DOUBLE (Line Drive, 9LM, EV 105.0 MPH) Jose Cerritos scores
|
Batting: RHB Jonathan Sarles
|
0-0: Ball 1-0: Foul Ball, location: 2F 1-1: Fly out, F8 (Line Drive, 89M, EV 95.6 MPH)
|
Batting: RHB Victor Alarcon
|
0-0: Called Strike Chris Maul steals 3rd, throwing error, E2 Chris Maul scores 0-1: Swinging Strike 0-2: Strikes out swinging
|
Batting: RHB Chris Riddel
|
0-0: Called Strike 0-1: Ground out 6-3 (Groundball, 6S, EV 76.9 MPH)
|
Top of the 2nd over - 2 runs, 2 hits, 1 error, 0 left on base; Brevard County 2 - Wilmington 1 |
BOTTOM OF THE 2ND |
Wilmington Blue Rocks batting - Pitching for Brevard County Manatees : RHP Zack Sharp
|
Batting: LHB Randy Stapleton
|
0-0: Foul Ball, location: 2F 0-1: Ball 1-1: Ball 2-1: Foul Ball, location: 2F 2-2: Strikes out looking
|
Batting: LHB Josh Dalton
|
0-0: Swinging Strike 0-1: Swinging Strike 0-2: Strikes out swinging
|
Batting: LHB Danny Pacheco
|
0-0: Ball 1-0: Swinging Strike 1-1: Called Strike 1-2: Strikes out swinging
|
Bottom of the 2nd over - 0 runs, 0 hits, 0 errors, 0 left on base; Brevard County 2 - Wilmington 1 |
TOP OF THE 3RD |
Brevard County Manatees batting - Pitching for Wilmington Blue Rocks : RHP Mike Valdez
|
Batting: LHB Rick Campbell
|
0-0: Called Strike 0-1: Ball 1-1: Ball 2-1: Swinging Strike 2-2: Foul Ball, location: 2F 2-2: Ball 3-2: Strikes out looking
|
Batting: SHB Aaron Neill
|
0-0: SINGLE (Line Drive, 56, EV 95.0 MPH)
|
Batting: LHB Mark Backstrom
|
0-0: Called Strike 0-1: Foul Ball, location: 2F 0-2: Strikes out looking
|
Batting: SHB Justin Hensley
|
0-0: Called Strike Aaron Neill is caught stealing 2nd base 2-6
|
Top of the 3rd over - 0 runs, 1 hit, 0 errors, 0 left on base; Brevard County 2 - Wilmington 1 |
BOTTOM OF THE 3RD |
Wilmington Blue Rocks batting - Pitching for Brevard County Manatees : RHP Zack Sharp
|
Batting: RHB Adam Krieger
|
0-0: Fly out, F7 (Flyball, 78M, EV 88.1 MPH)
|
Batting: RHB Kasey Bland
|
0-0: Ground out 5-3 (Groundball, 56, EV 105.0 MPH)
|
Batting: LHB Edgar Ortiz
|
0-0: Called Strike 0-1: Swinging Strike 0-2: Ball 1-2: Strikes out swinging
|
Bottom of the 3rd over - 0 runs, 0 hits, 0 errors, 0 left on base; Brevard County 2 - Wilmington 1 |
TOP OF THE 4TH |
Brevard County Manatees batting - Pitching for Wilmington Blue Rocks : RHP Mike Valdez
|
Batting: SHB Justin Hensley
|
0-0: Ball 1-0: Called Strike 1-1: Ball 2-1: Swinging Strike 2-2: Ball 3-2: Strikes out looking
|
Batting: RHB Jose Cerritos
|
0-0: Ball 1-0: Called Strike 1-1: Ball 2-1: Swinging Strike 2-2: Foul Ball, location: 2F 2-2: Strikes out swinging
|
Batting: RHB Chris Maul
|
0-0: Ground out 6-3 (Groundball, 6, EV 85.0 MPH)
|
Top of the 4th over - 0 runs, 0 hits, 0 errors, 0 left on base; Brevard County 2 - Wilmington 1 |
BOTTOM OF THE 4TH |
Wilmington Blue Rocks batting - Pitching for Brevard County Manatees : RHP Zack Sharp
|
Batting: RHB Phil Hamby
|
0-0: Called Strike 0-1: Swinging Strike 0-2: Ground out 5-3 (Groundball, 56, EV 90.6 MPH)
|
Batting: LHB Mike Bhatti
|
0-0: Swinging Strike 0-1: Ball 1-1: Ball 2-1: Foul Ball, location: 2F 2-2: Ball 3-2: Base on Balls
|
Batting: RHB Chang-keun Baik
|
0-0: Swinging Strike 0-1: Swinging Strike 0-2: Foul Ball, location: 2F 0-2: Strikes out swinging
|
Batting: LHB Randy Stapleton
|
0-0: Ball 1-0: Ball 2-0: Fly out, F5 (Popup, 5SF, EV 73.1 MPH)
|
Bottom of the 4th over - 0 runs, 0 hits, 0 errors, 1 left on base; Brevard County 2 - Wilmington 1 |
TOP OF THE 5TH |
Brevard County Manatees batting - Pitching for Wilmington Blue Rocks : RHP Mike Valdez
|
Batting: RHB Jonathan Sarles
|
0-0: Ball 1-0: Swinging Strike 1-1: Ball 2-1: Called Strike 2-2: Strikes out looking
|
Batting: RHB Victor Alarcon
|
0-0: Ball 1-0: Ball 2-0: Foul Ball, location: 2F 2-1: Swinging Strike 2-2: Fly out, F4 (Popup, 4MD, EV 52.5 MPH)
|
Batting: RHB Chris Riddel
|
0-0: Called Strike 0-1: Ball 1-1: Ball 2-1: Foul Ball, location: 2F 2-2: Foul Ball, location: 2F 2-2: Foul Ball, location: 2F 2-2: Foul Ball, location: 2F 2-2: Strikes out swinging
|
Top of the 5th over - 0 runs, 0 hits, 0 errors, 0 left on base; Brevard County 2 - Wilmington 1 |
BOTTOM OF THE 5TH |
Wilmington Blue Rocks batting - Pitching for Brevard County Manatees : RHP Zack Sharp
|
Batting: LHB Josh Dalton
|
0-0: Ball 1-0: Called Strike 1-1: Swinging Strike 1-2: Ball 2-2: Ball 3-2: Foul Ball, location: 2F 3-2: Base on Balls
|
Batting: LHB Danny Pacheco
|
0-0: Ball 1-0: Called Strike 1-1: Foul Ball, location: 2F 1-2: Ball 2-2: Foul Ball, location: 2F 2-2: Fly out, F6 (Popup, 6M, EV 54.4 MPH)
|
Batting: RHB Adam Krieger
|
0-0: Ball 1-0: Called Strike 1-1: Swinging Strike 1-2: Strikes out swinging
|
Batting: RHB Kasey Bland
|
0-0: Ball 1-0: Foul Ball, location: 2F 1-1: Ball 2-1: Fly out, F7 (Flyball, 7, EV 79.4 MPH)
|
Bottom of the 5th over - 0 runs, 0 hits, 0 errors, 1 left on base; Brevard County 2 - Wilmington 1 |
TOP OF THE 6TH |
Brevard County Manatees batting - Pitching for Wilmington Blue Rocks : RHP Mike Valdez
|
Batting: LHB Rick Campbell
|
0-0: Ball 1-0: Ball 2-0: Foul Ball, location: 2F 2-1: Foul Ball, location: 2F 2-2: Foul Ball, location: 2F 2-2: Fly out, F8 (Flyball, 8RXD, EV 106.2 MPH)
|
Pitching: RHP Junsuke Abe
|
|
Batting: SHB Aaron Neill
|
0-0: Ball 1-0: Ball 2-0: Ball 3-0: Called Strike 3-1: Foul Ball, location: 2F 3-2: Strikes out swinging
|
Batting: LHB Mark Backstrom
|
0-0: Called Strike 0-1: Foul Ball, location: 2F 0-2: Reached on error, E6 (Groundball, 4, EV 90.0 MPH)
|
Batting: SHB Justin Hensley
|
0-0: Called Strike 0-1: Ball Wild Pitch! Mark Backstrom to second 1-1: Ball 2-1: Ball 3-1: Foul Ball, location: 2F 3-2: Base on Balls
|
Batting: RHB Jose Cerritos
|
0-0: Called Strike 0-1: Ball 1-1: Foul Ball, location: 2F 1-2: Strikes out swinging
|
Top of the 6th over - 0 runs, 0 hits, 1 error, 2 left on base; Brevard County 2 - Wilmington 1 |
BOTTOM OF THE 6TH |
Wilmington Blue Rocks batting - Pitching for Brevard County Manatees : RHP Zack Sharp
|
Batting: LHB Edgar Ortiz
|
0-0: Foul Ball, location: 2F 0-1: Ball 1-1: Ball 2-1: SINGLE (Line Drive, 8RS, EV 107.5 MPH)
|
Batting: RHB Phil Hamby
|
0-0: Ball 1-0: Ball Edgar Ortiz is caught stealing 2nd base 2-4 2-0: Fly out, F8 (Flyball, 8RS, EV 89.4 MPH)
|
Batting: LHB Mike Bhatti
|
0-0: Swinging Strike 0-1: Ball 1-1: Ball 2-1: Foul Ball, location: 2F 2-2: Fly out, F8 (Flyball, 8LD, EV 80.6 MPH)
|
Bottom of the 6th over - 0 runs, 1 hit, 0 errors, 0 left on base; Brevard County 2 - Wilmington 1 |
TOP OF THE 7TH |
Brevard County Manatees batting - Pitching for Wilmington Blue Rocks : RHP Junsuke Abe
|
Batting: RHB Chris Maul
|
0-0: Ball 1-0: Called Strike 1-1: Called Strike 1-2: Foul Ball, location: 2F 1-2: Ball 2-2: Ball 3-2: Ground out 3-1 (Groundball, 34S, EV 92.5 MPH)
|
Batting: RHB Jonathan Sarles
|
0-0: Ball 1-0: Called Strike 1-1: Swinging Strike 1-2: Ball 2-2: Strikes out swinging
|
Batting: RHB Victor Alarcon
|
0-0: Called Strike 0-1: Called Strike 0-2: Fly out, F7 (Flyball, 7D, EV 93.8 MPH)
|
Top of the 7th over - 0 runs, 0 hits, 0 errors, 0 left on base; Brevard County 2 - Wilmington 1 |
BOTTOM OF THE 7TH |
Wilmington Blue Rocks batting - Pitching for Brevard County Manatees : RHP Zack Sharp
|
Now at SS: Craig Wright
|
|
Batting: RHB Chang-keun Baik
|
0-0: Called Strike 0-1: Swinging Strike 0-2: Ground out 4-3 (Groundball, 4, EV 80.0 MPH)
|
Batting: LHB Randy Stapleton
|
0-0: Ball 1-0: Swinging Strike 1-1: Ball 2-1: Foul Ball, location: 2F 2-2: Ball 3-2: Foul Ball, location: 2F 3-2: Ground out U3 (Groundball, 3, EV 88.1 MPH)
|
Pitching: RHP Josh Hebert
|
|
Batting: LHB Josh Dalton
|
0-0: Ball 1-0: Swinging Strike 1-1: Foul Ball, location: 2F 1-2: Ball 2-2: Foul Ball, location: 2F 2-2: Foul Ball, location: 2F 2-2: Ball 3-2: Strikes out looking
|
Bottom of the 7th over - 0 runs, 0 hits, 0 errors, 0 left on base; Brevard County 2 - Wilmington 1 |
TOP OF THE 8TH |
Brevard County Manatees batting - Pitching for Wilmington Blue Rocks : RHP Junsuke Abe
|
Batting: RHB Chris Riddel
|
0-0: Ball 1-0: Foul Ball, location: 2F 1-1: Fly out, F9 (Flyball, 9, EV 94.4 MPH)
|
Batting: LHB Rick Campbell
|
0-0: Swinging Strike 0-1: Ball 1-1: Called Strike 1-2: Foul Ball, location: 2F 1-2: Strikes out swinging
|
Batting: SHB Aaron Neill
|
0-0: Foul Ball, location: 2F 0-1: Called Strike 0-2: Fly out, F8 (Flyball, 8RD, EV 105.0 MPH)
|
Top of the 8th over - 0 runs, 0 hits, 0 errors, 0 left on base; Brevard County 2 - Wilmington 1 |
BOTTOM OF THE 8TH |
Wilmington Blue Rocks batting - Pitching for Brevard County Manatees : RHP Josh Hebert
|
Batting: LHB Danny Pacheco
|
0-0: Ball 1-0: Ball 2-0: Called Strike 2-1: Fly out, F7 (Flyball, 7S, EV 83.8 MPH)
|
Batting: RHB Adam Krieger
|
0-0: Ball 1-0: Ball 2-0: Ball 3-0: Base on Balls
|
Pinch Hitting: LHB Pablo Serrato
|
0-0: Foul Ball, location: 2F 0-1: Fly out, F8 (Line Drive, 8LM, EV 104.4 MPH)
|
Pitching: LHP Randy Yarrigle
|
|
Batting: RHB Mike Bearden
|
0-0: Called Strike 0-1: Swinging Strike 0-2: Foul Ball, location: 2F 0-2: Foul Ball, location: 2F 0-2: Strikes out swinging
|
Bottom of the 8th over - 0 runs, 0 hits, 0 errors, 1 left on base; Brevard County 2 - Wilmington 1 |
TOP OF THE 9TH |
Brevard County Manatees batting - Pitching for Wilmington Blue Rocks : RHP Junsuke Abe
|
Pitching: LHP Butch Ott
|
|
Now at 3B: Mike Bhatti
|
|
Now in LF: Pablo Serrato
|
|
Batting: LHB Mark Backstrom
|
0-0: Called Strike 0-1: Ball 1-1: Ball 2-1: Ground out 6-3 (Groundball, 4M, EV 105.6 MPH)
|
Batting: SHB Justin Hensley
|
0-0: Called Strike 0-1: Ball 1-1: Called Strike 1-2: Strikes out looking
|
Batting: SHB Craig Wright
|
0-0: Ball 1-0: Ball 2-0: Called Strike 2-1: Fly out, F3 (Line Drive, 3L, EV 73.8 MPH)
|
Top of the 9th over - 0 runs, 0 hits, 0 errors, 0 left on base; Brevard County 2 - Wilmington 1 |
BOTTOM OF THE 9TH |
Wilmington Blue Rocks batting - Pitching for Brevard County Manatees : LHP Randy Yarrigle
|
Pitching: RHP Jon Warren
|
|
Now at 1B: Chris Fruit
|
|
Batting: RHB Phil Hamby
|
0-0: Ground out 5-3 (Groundball, 56, EV 86.2 MPH)
|
Batting: LHB Mike Bhatti
|
0-0: Ball 1-0: Foul Ball, location: 2F 1-1: Ground out 4-3 (Groundball, 4, EV 85.6 MPH)
|
Batting: RHB Chang-keun Baik
|
0-0: Ball 1-0: Ball 2-0: Swinging Strike 2-1: Swinging Strike 2-2: Foul Ball, location: 2F 2-2: Ball 3-2: Strikes out looking
|
Bottom of the 9th over - 0 runs, 0 hits, 0 errors, 0 left on base; Brevard County 2 - Wilmington 1 |
|